[Event "Early-Titled-Tuesday-Blitz-March-05-2024"]
[Site "Chess.com"]
[Date "2024.03.05"]
[Round "2"]
[White "Agent-JL"]
[Black "Zhigalko_Sergei"]
[Result "0-1"]
[WhiteElo "2583"]
[BlackElo "2895"]
[TimeControl "180+1"]
[EndTime "8:18:37 PST"]
[Termination "Zhigalko_Sergei won by checkmate"]

1. d4 Nf6 2. c4 e6 3. Nf3 b6 4.
g3 Ba6 5. Qc2 Bb4+ 6. Nbd2 Bb7 7.
Bg2 Be4 8. Qb3 Bxd2+ 9. Bxd2 O-O 10. O-O d6 11. Rac1 Nbd7 12. Bc3 Qe7 13. Rfe1 h6 14. Bh3 a5 15. Nd2 Bb7 16. e4 e5 17. d5 Nc5 18.
Qc2 Bc8 19. Bg2 Nh7 20. b3 f5 21. a3 fxe4 22. Nxe4 Nxe4 23. Qxe4 Ng5 24. Qe2 Qf7 25. f4 exf4 26. gxf4 Nh3+ 27. Bxh3 Bxh3 28. Qf3 Bf5 29. Re3 Rae8 30. Rce1 Rxe3 31. Rxe3 Kh7 32.
Qg3 Rg8 33. h4 Qh5 34. Re7 Bg6 35. Kh2 Qf5 36. Rxc7 Qc2+ 37. Kg1 Qc1+ 38. Kh2 Qc2+ 39. Kg1 Qxb3 40. f5 Qb1+ 41. Kh2 Qxf5 42. Qxd6 Qf2+ 43. Kh3 Bf5# 0-1

[Event "Early-Titled-Tuesday-Blitz-March-05-2024"]
[Site "Chess.com"]
[Date "2024.03.05"]
[Round "2"]
[White "AlexPapasimakopoulos"]
[Black "Chessdreamer2020"]
[Result "1-0"]
[WhiteElo "2732"]
[BlackElo "2525"]
[TimeControl "180+1"]
[EndTime "8:18:37 PST"]
[Termination "AlexPapasimakopoulos won by resignation"]

1. d4 d6 2. Nf3 Bg4 3. e4 Nf6 4. Nc3 e6 5. Be2 d5 6. Bg5 dxe4 7. Nxe4 Be7 8. Ng3 h6 9. Be3 Nd5 10. Bd2 Nc6 11. c3 Bd6 12. Ne4 Be7 13. a4 O-O 14. a5 a6 15. O-O Bh5 16. Re1 Bg6 17. Bc4 Nf6 18. Ng3 Bd6 19. Ne5 Bxe5 20. dxe5 Nd7 21. Bf4 Nc5 22. b4 Nd3 23. Bxd3 Qxd3 24. Qxd3 Bxd3 25.
h4 Rfd8 26. Red1 Bc2 27. Rxd8+ Rxd8 28. Rc1 Bh7 29. h5 Rd5 30. Re1 Rd3 31. Ne2 Kf8 32.
f3 Ke7 33. Kf2 Rd5 34. Nc1 Ke8 35. Nb3 b6 36. axb6 cxb6 37. Ra1 a5 38. bxa5 bxa5 39. c4 Rd3 40. Nxa5 Nxa5 41. Rxa5 Rd4 42. Ra8+ Ke7 43. Bc1 Rxc4 44. Ba3+ Kd7 45. Rf8 Rc2+ 46. Kg3 Bd3 47.
Rxf7+ Kc6 48. Bd6 Bf1 49. Rc7+ Kd5 50. Rxc2 Bd3 51. Rb2 1-0

[Event "Early-Titled-Tuesday-Blitz-March-05-2024"]
[Site "Chess.com"]
[Date "2024.03.05"]
[Round "2"]
[White "TheAlienParty"]
[Black "Agibileg"]
[Result "1-0"]
[WhiteElo "2395"]
[BlackElo "2649"]
[TimeControl "180+1"]
[EndTime "8:18:37 PST"]
[Termination "TheAlienParty won on time"]

1. e4 e5 2. Nf3 Nc6 3. Bc4 Nf6 4.
Ng5 d5 5. exd5 Na5 6. Bb5+ c6 7. dxc6 bxc6 8. Bd3 Nd5 9. Ne4 Nf4 10. O-O Nxd3 11. cxd3 Be7 12. Qa4 O-O 13. b4 Nb7 14. Bb2 Qc7 15.
Rc1 Bd7 16. Nbc3 Qb6 17. Rab1 Rad8 18. a3 f5 19. Ng3 e4 20. dxe4 fxe4 21. Ncxe4 c5 22.
bxc5 Bxc5 23. Qc4+ Be6 24. Qe2 Ba2 25. Nxc5 Nxc5 26.
Bxg7 Bxb1 27. Bxf8 Rxf8 28. h4 Nd3 29. Rf1 Nf4 30. Qc4+ Ne6 31. Qb4 Qxb4 32. axb4 Bd3 33.
Re1 Nf4 34. Re7 Rb8 35. Rxa7 Rxb4 36. Ra8+ Kg7 37. Ra7+ Kg6 38. Rd7 Rb1+ 39. Kh2 Rb2 40. Rd6+ 1-0

[Event "Early-Titled-Tuesday-Blitz-March-05-2024"]
[Site "Chess.com"]
[Date "2024.03.05"]
[Round "2"]
[White "losersgame"]
[Black "arnash_bauyrzhan"]
[Result "0-1"]
[WhiteElo "2504"]
[BlackElo "2324"]
[TimeControl "180+1"]
[EndTime "8:18:38 PST"]
[Termination "arnash_bauyrzhan won on time"]

1. d4 d5 2. c4 e6 3. Nc3 Be7 4. Nf3 Nf6 5. Bg5 O-O 6. e3 h6 7. Bxf6 Bxf6 8. Rc1 b6 9. cxd5 exd5 10. Bd3 Be6 11. b4 a5 12. b5 c6 13. bxc6 Nxc6 14. O-O Nb4 15. Bb1 Qd7 16. a3 Na6 17. Qb3 Rfb8 18. Nb5 Be7 19. Ne5 Qe8 20. Rc6 Bf6 21.
Rfc1 Bxe5 22. dxe5 d4 23. Qd3 g6 24. Nxd4 Nc5 25.
Qc2 Bd5 26. Rd6 Qxe5 27. Rxg6+ fxg6 28. Qxg6+ Qg7 29. Qxg7+ Kxg7 30. Nf5+ Kf6 31. Nxh6 Rh8 32. Ng4+ Ke7 33. f4 Rag8 34. h3 Kd6 35. Rd1 Kc6 36.
Kf2 Be4 37. Ne5+ Kb7 0-1

[Event "Early-Titled-Tuesday-Blitz-March-05-2024"]
[Site "Chess.com"]
[Date "2024.03.05"]
[Round "2"]
[White "Byniolus"]
[Black "RedFirePanda"]
[Result "1-0"]
[WhiteElo "2817"]
[BlackElo "2548"]
[TimeControl "180+1"]
[EndTime "8:18:39 PST"]
[Termination "Byniolus won on time"]

1. d4 Nf6 2. Nf3 g6 3. Bf4 d6 4. h3 Bg7 5. e3 O-O 6. Be2 c5 7.
c3 Re8 8. O-O Nbd7 9. a4 b6 10. a5 Bb7 11. Nbd2 e5 12. Bh2 Ne4 13. dxe5 dxe5 14. Qb3 Nxd2 15. Nxd2 Qc7 16. Bc4 Nf6 17. Rfd1 Ne4 18. Nxe4 Bxe4 19. Bd5 Bxd5 20. Rxd5 Rab8 21. axb6 axb6 22. Rad1 Rbd8 23. Qb5 Bf6 24. Rd7 Qb8 25. Bg3 Kg7 26. Qc4 Rxd7 27. Rxd7 Re7 28. Rd5 Qa8 29.
Kh2 Qa1 30. Qb5 Qa8 31. e4 Qb7 32. f3 Re6 33. Rd7 Qb8 34. Qc4 Re7 35. Rd5 Re6 36. Qb5 Qc7 37. Qd7 Qc6 38. Qxc6 Rxc6 39. Bxe5 Bxe5+ 40. Rxe5 b5 41. Kg3 Kf6 42. Rd5 Ke6 43. Kf4 Ke7 44. h4 Ke6 45. b4 cxb4 46. cxb4 Rb6 47. g4 Rb8 48. Kg5 f6+ 49. Kh6 Rb7 50. f4 Ke7 51. Kxh7 Ke6+ 52. Kxg6 Rb8 53. f5+ Ke7 54.
Kg7 1-0

[Event "Early-Titled-Tuesday-Blitz-March-05-2024"]
[Site "Chess.com"]
[Date "2024.03.05"]
[Round "2"]
[White "matagordo"]
[Black "LouieKov2022"]
[Result "1-0"]
[WhiteElo "2230"]
[BlackElo "2463"]
[TimeControl "180+1"]
[EndTime "8:18:40 PST"]
[Termination "matagordo won on time"]

1. d4 d5 2. Bf4 c5 3. e3 Nc6 4. Nf3 Nf6 5. Nbd2 cxd4 6. exd4 Qb6 7. Nb3 a5 8. a4 Bg4 9. Be2 e6 10. O-O Be7 11. h3 Bh5 12. Rc1 O-O 13. Re1 Rfc8 14.
Ne5 Nxe5 15. dxe5 Bxe2 16. Rxe2 Nd7 17. Re3 Rc4 18. Rf3 Rxa4 19. c4 Rb4 20. Qd3 a4 21.
Nd2 Nc5 22. Qd4 dxc4 23. Nxc4 Qc6 24. Qd1 Rd8 25. Nd6 Bxd6 26. exd6 b6 27. Bg3 Rxb2 28. Be5 Rb4 29. Rg3 g6 30. Rg4 Rxg4 31. Qxg4 Qd5 32.
Qh4 Rxd6 33. Qf6 Kf8 34. Rc4 Ke8 35. Rd4 Qxd4 36. Bxd4 Rd5 37. Be3 1-0

[Event "Early-Titled-Tuesday-Blitz-March-05-2024"]
[Site "Chess.com"]
[Date "2024.03.05"]
[Round "2"]
[White "xxysoul6"]
[Black "Roman_Ovetchkin"]
[Result "1-0"]
[WhiteElo "2912"]
[BlackElo "2591"]
[TimeControl "180+1"]
[EndTime "8:18:41 PST"]
[Termination "xxysoul6 won by resignation"]

1. e4 c6 2. Nf3 d5 3. d3 Qc7 4.
Qe2 Bg4 5. Nbd2 e6 6. h3 Bh5 7. c3 Nf6 8. g3 Be7 9. Bg2 O-O 10. O-O c5 11. g4 Bg6 12. Nh4 dxe4 13. dxe4 Nfd7 14. Nxg6 hxg6 15. f4 e5 16. Nc4 Nc6 17.
f5 b5 18. Ne3 c4 19. Nd5 Bc5+ 20. Kh2 Qd8 21. g5 Nb6 22. f6 Re8 23. Qg4 Qd7 24. Qh4 Re6 25. fxg7 Kxg7 26. Qh6+ Kg8 27. Be3 Bf8 28. Qh4 Bg7 29. Nf6+ Rxf6 30. gxf6 Bf8 31. Bh6 Qe8 32. Rad1 Rd8 33. Rxd8 Nxd8 34. Rd1 Ne6 35. Bf3 Bxh6 36. Qxh6 Nd7 37. Qh4 Ndf8 38. Bg4 Nf4 39. Qh6 N8e6 40. Bxe6 Nxe6 41. Rd6 Qf8 42. Qxf8+ Kxf8 43. Rd7 1-0

[Event "Early-Titled-Tuesday-Blitz-March-05-2024"]
[Site "Chess.com"]
[Date "2024.03.05"]
[Round "2"]
[White "Arifarsky"]
[Black "InitiatingASC"]
[Result "1-0"]
[WhiteElo "2684"]
[BlackElo "2370"]
[TimeControl "180+1"]
[EndTime "8:18:41 PST"]
[Termination "Arifarsky won by checkmate"]

1. e4 c5 2. Nf3 Nc6 3. Bb5 Nf6 4. d3 g6 5. O-O Bg7 6. c3 O-O 7. Re1 Ne8 8. Be3 d6 9. d4 cxd4 10. cxd4 Nc7 11. Bxc6 bxc6 12. Nc3 Rb8 13. Qc2 Bg4 14. Nd2 Qc8 15. h3 Bd7 16. Nf3 Qa6 17. Rad1 Rfc8 18. b3 Ne6 19. Qd2 c5 20. Nd5 Kf8 21. Bh6 Re8 22.
dxc5 dxc5 23. Ne5 Bc6 24. Nf4 Nd4 25. Nfd3 Ne6 26. Bxg7+ Kxg7 27. Qc3 f6 28. Ng4 Qxa2 29. Nxc5 Nxc5 30. Qxc5 Rbc8 31. Qe3 Rb8 32. Ra1 Qxb3 33. Qh6+ Kg8 34. Rxa7 Rb7 35. Ra6 Bb5 36. Raa1 Bd7 37.
Ne3 Be6 38. h4 Reb8 39. h5 Bf7 40. e5 Qc3 41. Ng4 gxh5 42. exf6 hxg4 43. Qg7# 1-0

[Event "Early-Titled-Tuesday-Blitz-March-05-2024"]
[Site "Chess.com"]
[Date "2024.03.05"]
[Round "2"]
[White "TitarovVasiliYouTube"]
[Black "LiamPutnam2008"]
[Result "0-1"]
[WhiteElo "2509"]
[BlackElo "2913"]
[TimeControl "180+1"]
[EndTime "8:18:41 PST"]
[Termination "LiamPutnam2008 won on time"]

1. e4 e5 2. Nf3 Nf6 3. Nxe5 d6 4. Nf3 Nxe4 5. d4 d5 6. Bd3 Be7 7. O-O O-O 8. c4 Nc6 9. Nc3 Nxc3 10. bxc3 dxc4 11.
Bxc4 Bg4 12. Bd3 Qd5 13. Rb1 b6 14. Rb5 Qd7 15. h3 a6 16. Rb1 Bh5 17. Be3 Rad8 18. Bxa6 Ra8 19. Bc4 Bg6 20. Rb2 Ba3 21. Rd2 Na5 22.
Be2 Bd6 23. Ne5 Bxe5 24. dxe5 Qe6 25. f4 Be4 26. Rd7 Qc6 27. Bf3 Bxf3 28. Rxf3 Nc4 29. Bf2 Rxa2 30. Rfd3 Nb2 31. Qf3 Qc4 32. Rd2 Ra1+ 33.
Kh2 Na4 34. f5 Qxc3 35. Qf4 Nc5 36. Rd8 Ra8 37. Rxa8 Rxa8 38. f6 Nd3 39. Rxd3 Qxd3 0-1

[Event "Early-Titled-Tuesday-Blitz-March-05-2024"]
[Site "Chess.com"]
[Date "2024.03.05"]
[Round "2"]
[White "ritanovikova"]
[Black "crazy_m_attack"]
[Result "0-1"]
[WhiteElo "2206"]
[BlackElo "2476"]
[TimeControl "180+1"]
[EndTime "8:18:41 PST"]
[Termination "crazy_m_attack won on time"]

1. e4 e5 2. Nf3 Nc6 3. Bc4 Nf6 4. d3 Bc5 5. a3 a5 6. O-O O-O 7. h3 d5 8. exd5 Nxd5 9. Bg5 f6 10. Nc3 Be6 11.
Be3 Bxe3 12. fxe3 Qd7 13. Nxd5 Bxd5 14. Bxd5+ Qxd5 15. e4 Qb5 16. Rb1 Rad8 17. Qe2 a4 18. Kh1 g6 19. Qf2 Kg7 20. Qg3 Qc5 21. Rf2 Nd4 22. Nxd4 Qxd4 23. Qh4 Rd6 24. Rf3 Rb6 25. c3 Qd7 26. g4 Rd6 27. Rbf1 Qd8 28. g5 fxg5 29. Rxf8 Qxf8 30. Rxf8 gxh4 31. Rc8 Rd7 32. Ra8 Rxd3 33. Rxa4 Rd1+ 34. Kg2 Rd2+ 35. Kf3 Rxb2 36. Rc4 c6 37. Ra4 Kf6 38. Ra7 Rb3 39. Kg4 h5+ 40.
Kxh4 Rxc3 0-1

[Event "Early-Titled-Tuesday-Blitz-March-05-2024"]
[Site "Chess.com"]
[Date "2024.03.05"]
[Round "2"]
[White "stolencandy13"]
[Black "Pasmendjambvirgulptipon98"]
[Result "1-0"]
[WhiteElo "2671"]
[BlackElo "2345"]
[TimeControl "180+1"]
[EndTime "8:18:42 PST"]
[Termination "stolencandy13 won on time"]

1. d4 d5 2. Bf4 Bf5 3. e3 e6 4. c4 Bxb1 5. Qxb1 Bb4+ 6. Kd1 c5 7. a3 Ba5 8. b4 Bc7 9. Bxc7 Qxc7 10. bxc5 b6 11.
cxd5 exd5 12. Bb5+ Nd7 13. cxb6 axb6 14. Nf3 Nf6 15.
Qc2 Qxc2+ 16. Kxc2 Ke7 17. Bxd7 Kxd7 18. Ne5+ Ke6 19.
f3 Rhc8+ 20. Kd2 Ra4 21. Rhc1 Rxc1 22. Kxc1 Nd7 23. Nxd7 Kxd7 24. Kb2 f5 25. Rc1 f4 26. Kb3 Ra8 27. exf4 Rf8 28. g3 Re8 29. Rc3 Re2 30. h4 Rg2 31. g4 h5 32. gxh5 Rh2 33. Re3 Rxh4 34. Re5 Rxf4 35. Rxd5+ Kc6 36. Rg5 Rxf3+ 37.
Kc4 Rxa3 38. Rg6+ Kd7 39. Rxg7+ Kc6 40. d5+ Kd6 41. Rg6+ Kc7 42. h6 Rh3 43. Kd4 Rh5 44.
Rc6+ Kb7 45. Rg6 b5 46. Kc5 b4 47. Rg7+ 1-0

[Event "Early-Titled-Tuesday-Blitz-March-05-2024"]
[Site "Chess.com"]
[Date "2024.03.05"]
[Round "2"]
[White "evgchess5"]
[Black "biostatistician"]
[Result "1-0"]
[WhiteElo "2950"]
[BlackElo "2608"]
[TimeControl "180+1"]
[EndTime "8:18:43 PST"]
[Termination "evgchess5 won by resignation"]

1. e4 e5 2. Nf3 Nc6 3. Bc4 Bc5 4. c3 Nf6 5. d3 d6 6. O-O a6 7. Bb3 Ba7 8. Bd2 Ne7 9. Be3 Ng6 10. Nbd2 O-O 11. Bxa7 Rxa7 12. Re1 Nf4 13. Nf1 Bg4 14. h3 Bh5 15. Ng3 Ra8 16. Nxh5 N6xh5 17. Kh2 Qf6 18.
g3 Ne6 19. Rf1 Qh6 20. Qd2 Qxd2 21. Nxd2 Nc5 22. Bc2 g6 23. d4 Ne6 24. Nf3 exd4 25.
cxd4 Nf6 26. Rfe1 Rfe8 27. Rad1 Rad8 28. Kg2 c5 29. e5 dxe5 30. dxe5 Nd5 31. Be4 Nb4 32.
Rxd8 Rxd8 33. Bxb7 Rb8 34. Be4 Nxa2 35. Re2 c4 36. Bd5 Rb4 37. Rc2 Rb6 38. Bxc4 Nb4 39. Rd2 Kf8 40. Rd7 Ke8 41. Ra7 Nc6 42. Rxa6 Rxa6 43.
Bxa6 Nb4 44. Bc4 Nc5 45. Ng5 Nbd3 46. f4 Nxb2 47. Bxf7+ Kf8 48. Ba2 h6 49. Ne6+ Ke7 50. Nxc5 1-0

[Event "Early-Titled-Tuesday-Blitz-March-05-2024"]
[Site "Chess.com"]
[Date "2024.03.05"]
[Round "2"]
[White "PavelShkapenko"]
[Black "cthulhuuu"]
[Result "1-0"]
[WhiteElo "2743"]
[BlackElo "2440"]
[TimeControl "180+1"]
[EndTime "8:18:43 PST"]
[Termination "PavelShkapenko won on time"]

1. e4 d6 2. d4 Nf6 3. Nc3 c6 4. f4 Qb6 5. Nf3 Bg4 6. a3 e6 7. h3 Bxf3 8. Qxf3 d5 9. e5 Nfd7 10. Bd3 c5 11. dxc5 Nxc5 12. f5 Nxd3+ 13. Qxd3 Nc6 14.
fxe6 fxe6 15. Be3 d4 16. Rd1 O-O-O 17. Bg5 dxc3 18. Bxd8 Qxd8 19. Qxc3 Qh4+ 20. Kd2 Qg5+ 21. Qe3 Be7 22. Qxg5 Bxg5+ 23. Kc3 Nxe5 24. Rde1 Bf6 25. Re4 Nf3+ 26. Kb4 Nd4 27. c3 Nc6+ 28. Kb3 e5 29.
Kc2 Rd8 30. Rd1 Rxd1 31. Kxd1 b5 32. Ke2 Kc7 33. a4 a6 34. axb5 axb5 35. Kd3 Kd6 36. Re1 Kd5 37. Rd1 e4+ 38. Ke3+ Ke5 39. Rd7 Ne7 40. Rb7 Nd5+ 41. Kf2 e3+ 42. Kf3 h5 43.
Rxb5 g5 44. c4 g4+ 45. hxg4 hxg4+ 46. Ke2 1-0

[Event "Early-Titled-Tuesday-Blitz-March-05-2024"]
[Site "Chess.com"]
[Date "2024.03.05"]
[Round "2"]
[White "amanjazu"]
[Black "Knightmare1014"]
[Result "1-0"]
[WhiteElo "2542"]
[BlackElo "2327"]
[TimeControl "180+1"]
[EndTime "8:18:44 PST"]
[Termination "amanjazu won on time"]

1. g3 d5 2. Bg2 Nf6 3. f4 Bf5 4. Nf3 e6 5. O-O Be7 6. d3 h6 7. e3 O-O 8. Qe2 c5 9. Nc3 Nc6 10. e4 Bh7 11. h3 c4 12. e5 Ne8 13. d4 Nb4 14. Ne1 a6 15. Nd1 b5 16. c3 Nd3 17. g4 Bh4 18. Bd2 Nxe1 19. Bxe1 Bd3 20. Bxh4 Qxh4 21. Qf2 Qxf2+ 22. Rxf2 a5 23. Bf1 Be4 24.
Ne3 b4 25. f5 Nc7 26. Bg2 Bxg2 27. Kxg2 Nb5 28. Rc1 Rab8 29. Kf3 Rfc8 30. Ng2 Rb6 31. Nf4 Rcb8 32. Ke3 Nc7 33. fxe6 fxe6 34. Ng6 bxc3 35. bxc3 Rb2 36. Rcf1 a4 37. h4 Rxf2 38.
Rxf2 a3 39. h5 Nb5 40. Kd2 Na7 41. Ne7+ Kh7 42. Kc1 Re8 43. Rf7 Nc8 44. Ng6 Nb6 45.
Ra7 Ra8 46. Rxa8 Nxa8 47. Nf8+ Kg8 48. Nxe6 Kf7 49. Nc5 Nb6 50. Kd2 Ke7 51. Ke3 Na8 52. Na6 Nb6 53. Nb4 Ke6 54. Nc2 Na4 55. Kd2 Nb2 56. Nxa3 Nd3 57. Nb5 Nf2 58. Nc7+ Kd7 59. Nxd5 Nxg4 60. a4 Ke6 61. Ne3 Nh2 62. Nxc4 Nf3+ 63.
Ke3 Ng5 64. a5 Nf7 65. Ke4 Nd8 66. d5+ Ke7 67. a6 Kd7 68. a7 1-0

[Event "Early-Titled-Tuesday-Blitz-March-05-2024"]
[Site "Chess.com"]
[Date "2024.03.05"]
[Round "2"]
[White "Kislov_Oleg"]
[Black "JSPrepz"]
[Result "0-1"]
[WhiteElo "2575"]
[BlackElo "2871"]
[TimeControl "180+1"]
[EndTime "8:18:46 PST"]
[Termination "JSPrepz won by checkmate"]

1. e4 e5 2. Nf3 Nc6 3. d4 exd4 4. Nxd4 Nf6 5. Nc3 Bc5 6. Be3 Bb6 7. Bc4 O-O 8. O-O Re8 9. Nxc6 bxc6 10. Bxb6 axb6 11. f3 d5 12. exd5 b5 13. Bb3 b4 14.
Ne4 Nxd5 15. Re1 Be6 16. Nc5 Qd6 17. Qd4 Nf4 18. Nxe6 Nxe6 19. Qc4 Red8 20. g3 Ra5 21. c3 bxc3 22. Rad1 Rd5 23. Qxc3 Rxd1 24. Rxd1 Nd4 25. Kf2 c5 26. Qc4 Qf6 27. Rd3 Re8 28. Bd1 Qe5 29.
Qc3 Qh5 30. h4 Qf5 31. Qd2 Qh3 32. f4 Qh2+ 33. Kf1 Qh1+ 34. Kf2 g6 35. a4 Qh2+ 36. Kf1 Qh1+ 37. Kf2 Nf5 38. Bg4 Qh2+ 39. Kf1 Nxg3+ 40.
Rxg3 Qxg3 41. Be2 Qh3+ 42. Kf2 Qxh4+ 43. Kf3 Qh1+ 44. Kf2 h5 45. a5 h4 46. a6 h3 47.
a7 Qg2+ 48. Ke1 Qg1# 0-1

[Event "Early-Titled-Tuesday-Blitz-March-05-2024"]
[Site "Chess.com"]
[Date "2024.03.05"]
[Round "2"]
[White "TheCavemanChess"]
[Black "Gryffindorac8"]
[Result "1-0"]
[WhiteElo "2712"]
[BlackElo "2397"]
[TimeControl "180+1"]
[EndTime "8:18:46 PST"]
[Termination "TheCavemanChess won by resignation"]

1. Nf3 Nf6 2. g3 e6 3. Bg2 d5 4.
O-O Be7 5. c4 O-O 6. b3 c5 7. Bb2 Nc6 8. e3 b6 9. Ne5 Nxe5 10. Bxe5 Bb7 11. d4 Nd7 12. cxd5 Nxe5 13. dxe5 Bxd5 14. Nc3 Bxg2 15. Kxg2 Qc7 16. f4 Rad8 17.
Qf3 c4 18. bxc4 Qxc4 19. Ne4 Rd3 20. Rf2 Bc5 21. Re1 Qd5 22. Ree2 b5 23. Rd2 Bb6 24. Rfe2 a5 25. h4 b4 26. h5 h6 27. Kf2 Bxe3+ 28. Rxe3 Rxd2+ 29. Nxd2 Qxd2+ 30. Re2 Qd4+ 31.
Kg2 a4 32. Re4 Qb2+ 33. Kh3 b3 34. Rxa4 bxa2 35. Qa3 Qe2 36. Qxa2 Qxh5+ 37. Kg2 Qd1 38. Ra8 Qd5+ 39. Qxd5 exd5 40. Ra4 Rd8 41. Kf3 g6 42.
Ke3 Kf8 43. Kd4 Ke7 44. g4 h5 45. Ra7+ Kf8 46. gxh5 gxh5 47. f5 Kg7 48. e6 Rf8 49.
Ke5 Kg8 50. e7 Re8 51. f6 h4 52. Rd7 h3 53. Rd8 1-0

[Event "Early-Titled-Tuesday-Blitz-March-05-2024"]
[Site "Chess.com"]
[Date "2024.03.05"]
[Round "2"]
[White "SilverSwords13"]
[Black "Mariia89"]
[Result "1/2-1/2"]
[WhiteElo "2482"]
[BlackElo "2259"]
[TimeControl "180+1"]
[EndTime "8:18:47 PST"]
[Termination "Game drawn by repetition"]

1. d4 Nf6 2. Nf3 c5 3. d5 d6 4. c4 b5 5. cxb5 a6 6. Nc3 Qa5 7. e3 axb5 8. Bxb5+ Bd7 9. Qd3 g6 10. O-O Bg7 11. Bd2 O-O 12. Bxd7 Nbxd7 13. Ne4 Qb6 14. Bc3 Rfb8 15. Nfd2 Qb7 16. Nxf6+ Nxf6 17. e4 Nd7 18. Bxg7 Kxg7 19. Nc4 Nb6 20. b3 Nxc4 21. Qxc4 Ra3 22. f4 Qa7 23. Rf2 Kg8 24. h4 Rb4 25. Qc2 Rbxb3 26. axb3 Rxa1+ 27. Kh2 Qa5 28. Re2 h5 29. f5 Re1 30. e5 gxf5 31. exd6 exd6 32. Rf2 Qa1 33.
Qxf5 Rh1+ 34. Kg3 Qg7+ 35. Kf3 Rxh4 36. g3 Rg4 37. Rg2 Qc3+ 38. Kf2 Qd4+ 39. Kf1 Qd1+ 40.
Kf2 Qd4+ 41. Kf1 Qa1+ 42. Kf2 Qd4+ 1/2-1/2

[Event "Early-Titled-Tuesday-Blitz-March-05-2024"]
[Site "Chess.com"]
[Date "2024.03.05"]
[Round "2"]
[White "LaPiToB"]
[Black "Elprofessor21"]
[Result "0-1"]
[WhiteElo "2287"]
[BlackElo "2659"]
[TimeControl "180+1"]
[EndTime "8:18:48 PST"]
[Termination "Elprofessor21 won by resignation"]

1. d4 Nf6 2. c4 c6 3. Nc3 d5 4. e3 g6 5. Nf3 Bg7 6. Be2 O-O 7.
O-O Bg4 8. b3 Nbd7 9. h3 Bxf3 10. Bxf3 e6 11. Bb2 Re8 12. cxd5 exd5 13. Rc1 h5 14. b4 Nb6 15. Be2 a6 16. a4 Nfd7 17. b5 axb5 18. axb5 c5 19. Bf3 Qg5 20. dxc5 Nxc5 21.
Nxd5 Bxb2 22. Rxc5 Rad8 23. e4 Be5 24. Qc1 Qxc1 25.
Rfxc1 Nd7 26. R5c2 Nf8 27. b6 Ne6 28. Ra2 Ra8 29.
Rxa8 Rxa8 30. Be2 Nd4 31. Bf1 g5 32. g3 Ra2 33. Kg2 g4 34. hxg4 hxg4 35. Ne3 Nb3 36. Rc8+ Kg7 37. Nxg4 Bd4 38. Bc4 Rc2 39. Rc7 Nc5 40.
Rxf7+ Kg6 41. Rf4 Rxc4 42. e5 Ne6 43. Rf6+ Kg5 44. Rxe6 Kxg4 45. Rf6 Bxe5 46. f3+ Kg5 47. Rf5+ Kxf5 48. g4+ Kf4 0-1

[Event "Early-Titled-Tuesday-Blitz-March-05-2024"]
[Site "Chess.com"]
[Date "2024.03.05"]
[Round "2"]
[White "AttilaTurzo"]
[Black "KnightmareJoker"]
[Result "1/2-1/2"]
[WhiteElo "2471"]
[BlackElo "2225"]
[TimeControl "180+1"]
[EndTime "8:18:48 PST"]
[Termination "Game drawn by repetition"]

1. d4 d5 2. Nf3 Nf6 3. Bf4 c5 4. e3 Nc6 5. Nbd2 Bf5 6. dxc5 e6 7. Bb5 Bxc5 8. Nd4 Bxd4 9. exd4 Qb6 10. Bxc6+ bxc6 11. Nb3 O-O 12. c3 a5 13. Bc1 Rfe8 14. O-O a4 15.
Nc5 Qa7 16. Bf4 Nd7 17. Nd3 a3 18. b3 Qa5 19. Bd6 Qxc3 20. Ne5 Nxe5 21. Bxe5 Qc2 22. Qxc2 Bxc2 23. Rfc1 Bd3 24. Rxc6 Rec8 25. Rac1 Rxc6 26.
Rxc6 Bb1 27. Bd6 Bxa2 28. Bxa3 Bxb3 29. Rc3 Bc4 30. f3 f6 31. Kf2 Kf7 32. h4 Rb8 33. g4 Rb1 34. h5 Rf1+ 35. Kg3 Ra1 36. Bc5 g6 37. hxg6+ hxg6 38. Ra3 Rxa3 39. Bxa3 e5 40. Bb2 Ke6 41. Kf2 e4 42. Ke3 f5 43.
gxf5+ gxf5 44. fxe4 fxe4 45. Ba3 Kd7 46. Bc5 Kc6 47.
Bf8 Kb5 48. Bg7 Ka4 49. Bf6 Kb3 50. Be5 Kc3 51. Bf4 Kc2 52. Be5 Kd1 53. Bf4 Ke1 54.
Be5 Kf1 55. Bf4 Kg2 56. Be5 Kh3 57. Bf4 Kg4 58. Be5 Kf5 59. Bf4 Bd3 60. Be5 Ke6 61.
Bf4 Kf5 62. Be5 Ke6 63. Bf4 Kf5 1/2-1/2

[Event "Early-Titled-Tuesday-Blitz-March-05-2024"]
[Site "Chess.com"]
[Date "2024.03.05"]
[Round "2"]
[White "erugee"]
[Black "chess_blitz00"]
[Result "0-1"]
[WhiteElo "2324"]
[BlackElo "2530"]
[TimeControl "180+1"]
[EndTime "8:18:49 PST"]
[Termination "chess_blitz00 won on time"]

1. e4 d6 2. d4 e5 3. dxe5 dxe5 4.
Qxd8+ Kxd8 5. Be3 Be6 6. Nd2 Nd7 7. Bc4 Bxc4 8. Nxc4 Bd6 9. O-O-O Ke7 10. Ne2 Ngf6 11. f3 b5 12. Na5 Rhe8 13. Nc6+ Kf8 14. g4 a5 15. g5 Nh5 16. Nc3 Ra6 17. Na7 b4 18.
Ncb5 Bc5 19. Bxc5+ Nxc5 20. Nxc7 Rxa7 21. Nxe8 Kxe8 22.
Rd5 Nd7 23. Rhd1 Nf4 24. Rb5 Ne2+ 25. Kb1 Nd4 26. Rd5 Nxf3 27. Rf1 Nxg5 28. Rg1 Ne6 29. c3 bxc3 30. bxc3 Ke7 31. Kc2 g6 32. Rb1 f6 33.
Rbb5 a4 34. Ra5 Rxa5 35. Rxa5 Nec5 36. Ra8 h5 37. c4 Nb6 38. Ra7+ Kd6 39. Kc3 Nxe4+ 40.
Kb4 Nc5 41. Rg7 g5 42. Kb5 Nbd7 43. Rh7 h4 44. Rh8 e4 45. Re8 g4 46. Rg8 f5 47.
Rg6+ Ke5 48. Kc6 e3 49. Rg8 Ne4 50. Re8+ Kf4 0-1

[Event "Early-Titled-Tuesday-Blitz-March-05-2024"]
[Site "Chess.com"]
[Date "2024.03.05"]
[Round "2"]
[White "XDPS"]
[Black "rhungaski"]
[Result "1-0"]
[WhiteElo "2905"]
[BlackElo "2590"]
[TimeControl "180+1"]
[EndTime "8:18:50 PST"]
[Termination "XDPS won by resignation"]

1. d4 d5 2. Bf4 Nf6 3. e3 c5 4. Nf3 Nc6 5. Nbd2 Nh5 6. Be5 f6 7.
Bg3 cxd4 8. exd4 g6 9. c3 Bh6 10. Bb5 O-O 11. O-O Be6 12. Re1 Bf7 13. Qe2 Re8 14. Rad1 Ng7 15. Nb3 a6 16. Bd3 a5 17.
a4 b6 18. Bb5 Qc8 19. Nc1 Nf5 20. Nd3 Nxg3 21. hxg3 Qc7 22. Nh2 Bg7 23. Qe3 h5 24. Nf3 Rad8 25. Nf4 Kh7 26. Bd3 Bh6 27. Ne6 Qd7 28. Qe2 Bxe6 29. Qxe6 Qxe6 30. Rxe6 Rd6 31. Rxd6 exd6 32. Bb5 Rc8 33. Re1 Kg8 34. Re6 Bc1 35. Rxd6 Ne7 36. Rxb6 Kf7 37. Bd3 Rc6 38. Rb5 Re6 39. Kf1 g5 40. Ng1 Bd2 41. Ne2 f5 42. c4 f4 43. gxf4 gxf4 44. cxd5 Rd6 45.
Nc3 Rd8 46. Ne4 Bb4 47. Bc4 Kg6 48. b3 Kf5 49. f3 Kg6 50. Rb6+ Kg7 51. Rb7 Kf8 52. Ng5 Rd7 53. Rxd7 1-0

[Event "Early-Titled-Tuesday-Blitz-March-05-2024"]
[Site "Chess.com"]
[Date "2024.03.05"]
[Round "2"]
[White "averageFM"]
[Black "Chernov_Mikhail"]
[Result "1/2-1/2"]
[WhiteElo "2628"]
[BlackElo "2336"]
[TimeControl "180+1"]
[EndTime "8:18:50 PST"]
[Termination "Game drawn - insufficient material"]

1. d4 d5 2. e4 e6 3. exd5 exd5 4.
Nf3 Nc6 5. Bb5 Bd6 6. c4 dxc4 7.
d5 a6 8. Ba4 b5 9. dxc6 bxa4 10.
O-O Ne7 11. Nbd2 O-O 12. Nxc4 Nxc6 13. Qxa4 Bb7 14. Rd1 Qf6 15. Bg5 Qg6 16. Nxd6 cxd6 17. Qf4 Ne5 18. Nxe5 dxe5 19. Qg3 Rfe8 20. Rac1 Rac8 21.
Be3 Qxg3 22. hxg3 Rxc1 23. Rxc1 Rc8 24. Rd1 h6 25. Rd7 Bc6 26. Ra7 Bb5 27. a4 Bd3 28. b4 Rb8 29. Bc5 h5 30. f3 e4 31.
Kf2 exf3 32. gxf3 g5 33. Ke3 Bf1 34. f4 h4 35. Kf2 Bc4 36. fxg5 hxg3+ 37. Kxg3 Kh7 38.
Kf4 Kg6 39. Rd7 Re8 40. Rd6+ Re6 41. Rxe6+ Bxe6 42. Be7 Bd7 43. b5 axb5 44. a5 Bc6 45. Ke5 b4 46. Kd6 b3 47. Bf6 Bf3 48. a6 b2 49. Bxb2 Kxg5 50. a7 Kg4 51. Kc7 f5 52.
Kb8 Be4 53. a8=Q Bxa8 54. Kxa8 f4 55. Bc1 f3 56. Be3 Kf5 57. Bf2 Ke4 58. Kb7 Kd3 59. Kc6 Ke2 60. Bc5 f2 61. Bxf2 1/2-1/2